 Dungeon Crawl Stone Soup version 0.29.1-1-gd02db6906a (webtiles) character file.

Game seed: 9554574150800223646

88 H0rd4k the Insei (level 4, 0/28 HPs)
             Began as an Octopode Transmuter on Oct 16, 2022.
             Slain by an orc wizard
             ... wielding a +0 dagger
              (2 damage)
             ... on level 3 of the Dungeon.
             The game lasted 00:02:00 (2596 turns).

H0rd4k the Insei (Octopode Transmuter)              Turns: 2596, Time: 00:02:01

Health: 0/28       AC:  1    Str:  9    XL:     4   Next: 53%
Magic:  7/7        EV: 13    Int: 17    God:
Gold:   154        SH:  0    Dex: 12    Spells: 6/7 levels left

rFire   x . .      SeeInvis .     - Unarmed
rCold   + . .      Faith    .   (no shield)
rNeg    . . .      Spirit   .   (helmet currently unavailable)
rPois   .          Reflect  .   (no amulet)
rElec   .          Harm     .   f - ring of ice
rCorr   .          Rampage  .   (no ring)
Will    .....                   (no ring)
Stlth   ++........              (no ring)
HPRegen 0.09/turn               (no ring)
MPRegen 0.10/turn               (no ring)
                                (no ring)
                                (no ring)

@: confused, appendages (expiring), attractive
A: tentacle spike 3, almost no armour, amphibious, 8 rings, camouflage 1,
gelatinous body 1, (nimble swimmer 1), tentacles
a: End Transformation


You were on level 3 of the Dungeon.
One of your tentacles had grown a beastly spike.
You visited 1 branch of the dungeon, and saw 3 of its levels.

You collected 154 gold pieces.

Inventory:

Missiles
 g - 2 poisoned darts
Jewellery
 f - a ring of ice (left tentacle)
 m - a +6 ring of intelligence
 o - a ring of positive energy
Scrolls
 d - 2 scrolls of identify {unknown}
 e - a scroll of teleportation {unknown}
 j - a scroll of immolation {unknown}
 l - 2 scrolls of enchant weapon {unknown}
Potions
 a - 2 potions of lignification
 b - a potion of attraction
 c - a potion of invisibility {unknown}
 h - a potion of brilliance {unknown}
 i - a potion of mutation {unknown}
 k - a potion of might {unknown}
 n - a potion of curing {unknown}


   Skills:
 + Level 1.0 Fighting
 + Level 2.3 Dodging
 + Level 2.4 Stealth
 + Level 4.1 Unarmed Combat
 + Level 2.4 Spellcasting
 + Level 2.2 Transmutations


You had 6 spell levels left.
You knew the following spells:

 Your Spells              Type           Power      Damage    Failure   Level
a - Beastly Appendage     Tmut           18%        N/A       8%          1

Your spell library contained the following spells:

 Spells                   Type           Power      Damage    Failure   Level
 Wereblood                Tmut           9%         N/A       11%         2
 Foxfire                  Conj/Fire      8%         2x1d4     19%         1
 Spider Form              Tmut/Pois      5%         N/A       34%         3
 Conjure Flame            Conj/Fire      2%         6-21      50%         3
 Inner Flame              Hex/Fire       2%         N/A       50%         3
 Ice Form                 Ice/Tmut       8%         N/A       75%         4
 Flame Wave               Conj/Fire      2%         2d4       88%         4


Dungeon Overview and Level Annotations

Branches:
Dungeon (3/15)

Altars:


Innate Abilities, Weirdness & Mutations

One of your tentacles has grown a beastly spike.
You cannot wear most types of armour.
You are amphibious.
You can wear up to eight rings at the same time.
Your skin changes colour to match your surroundings (Stealth+).
Your rubbery body absorbs attacks. (AC +1, EV +1)
((You are camouflaged when in or above water. (Stealth+)))
You have tentacles for arms and can constrict up to eight enemies at once.


Message History

You tentacle-slap the orc. Your grab misses the orc.
Your tentacle spike misses the orc.
The orc is lightly wounded.
The orc misses you.
You tentacle-slap the orc. Your grab misses the orc.
The orc is severely wounded.
You bludgeon the orc!
You kill the orc!
The orc wizard gestures at you while chanting.
You are confused.
You tentacle-slap the orc.
Your tentacle spike misses the orc.
Your squeeze misses the orc.
The orc is moderately wounded.
Your transformation is almost over.
The orc wizard gestures wildly while chanting.
The orc wizard flickers and vanishes!
Deactivating autopickup; reactivate with Ctrl-A.
The orc hits you with a +0 short sword.
You bump into the rock wall.
The orc priest invokes the aid of Beogh against you.
Beogh smites you!
You're too confused to move!
Unknown command.
You are too confused!
Unknown command.
You are too confused!
Unknown command.
You are too confused!
Unknown command.
It was a potion of attraction.
You feel attractive to monsters. Something hits you. Something hits you.
The orc priest calls upon Beogh to heal the orc.
The orc's wounds heal themselves!
The orc priest calls down the wrath of Beogh upon you.
Beogh smites you!
* * * LOW HITPOINT WARNING * * *
Something hits you.
You die...

.#######.#.###########..##
.# ....... ........# .##
###.#.### #######.#
..##.###.#.############.#
........................##
..##.##.##.## #........#
..# ##.##....###.#####.##
.#.# .....oo...# #.#
....... .....o##@.# ###
##..... ..... #+## # .....
.... # ..... ... ##.....
.. ....... . ..>#. .#.#
.#.##+#+


You could see 2 orc priests.

Vanquished Creatures
  2 adders (D:3)
  A worm (D:3)
  4 dart slugs (D:1)
  2 orcs (D:3)
  6 bats
  2 endoplasms (D:1)
  4 giant cockroaches
  8 goblins
  4 hobgoblins
  2 jackals (D:1)
  3 quokkas (D:3)
  5 ball pythons
  4 frilled lizards
  3 kobolds
  5 rats
55 creatures vanquished.

Notes
Turn   | Place    | Note
-------+----------+-------------------------------------------
     0 | D:1      | H0rd4k the Octopode Transmuter began the quest for the Orb.
     0 | D:1      | Reached XP level 1. HP: 13/13 MP: 3/3
   385 | D:1      | Reached XP level 2. HP: 18/18 MP: 5/5
   667 | D:1      | Reached skill level 1 in Stealth
   699 | D:1      | Reached XP level 3. HP: 23/23 MP: 6/6
  1056 | D:1      | Found a faded altar of an unknown god.
  2278 | D:3      | Reached XP level 4. HP: 28/28 MP: 7/7
  2326 | D:3      | Reached skill level 4 in Unarmed Combat
  2596 | D:3      | Slain by an orc wizard

Illustrated notes

Levels and vault maps discovered:
D:1:      dpeg_arrival_simpleton_b, layout_loops_ring,
          dreamdust_ecumenical_altar_hidden_monk_grotto
D:2:      layout_rooms, minmay_hedge_maze, chequers_serial_rivers_marsh,
          grunt_decor_one_mirror, amcnicky_mini_corridor_feature
D:3:      layout_basic, nicolae_tso_swordbearing_angel, minmay_misc_feat_doors

Skill      XL: |  1  2  3  4 |
---------------+-------------+-----
Stealth        | 1 2 |  2.4
Unarmed Combat | 4 |  4.1
Fighting       | |  1.0
Dodging        | |  2.3
Spellcasting   | |  2.4
Transmutations | |  2.2

Action                   |  1- 3 |  4- 6 || total
-------------------------+-------+-------++-------
Melee: Unarmed           |    92 |    24 ||   116
       Constrict         |    31 |     7 ||    38
       Tentacles         |    18 |     8 ||    26
       Punch             |     2 |     2 ||     4
       Kick              |     2 |     3 ||     5
 Cast: Beastly Appendage |     1 |     3 ||     4
  Use: Potion            |       |     1 ||     1
 Stab: Sleeping          |    10 |     3 ||    13
Armor: Skin              |     7 |       ||     7
Dodge: Dodged            |    53 |    12 ||    65
